 Dungeon Crawl Stone Soup version 0.31-a0-354-g827e0957a7 (webtiles) character file.

Game seed: 15760864257351993641

90 AdnanSaban the Covered (level 4, 0/29 HPs)
             Began as a Gargoyle Fighter on July 24, 2023.
             Slain by a river rat (5 damage)
             ... on level 3 of the Dungeon.
             The game lasted 00:01:34 (1736 turns).

AdnanSaban the Covered (Gargoyle Fighter)           Turns: 1736, Time: 00:01:34

Health: 0/29       AC: 10    Str: 22    XL:     4   Next: 56%
Magic:  4/4        EV:  9    Int:  8    God:
Gold:   127        SH:  4    Dex:  9    Spells: 3/3 levels left

rFire   + . .        a - +0 flail
rCold   . . .        c - +0 buckler
rNeg    + . .        b - +0 scale mail
rPois   ∞            (no helmet)
rElec   +            (no cloak)
rCorr   .            (no gloves)
SInv    .            (no boots)
Will    .....        (no amulet) Stlth
                     i - ring of protection from fire
HPRegen 0.24/turn    (no ring)
MPRegen 0.09/turn

%: no passive effects
@: no status effects
A: sickness immunity, AC +3, negative energy resistance 1, electricity
resistance, torment resistance 1, petrification resistance
a: no special abilities


You were on level 3 of the Dungeon.
You visited 1 branch of the dungeon, and saw 3 of its levels.

You collected 127 gold pieces.

Inventory:

Hand Weapons
 a - a +0 flail (weapon)
Missiles
 h - 3 curare-tipped darts (quivered)
Armour
 b - a +0 scale mail (worn)
 c - a +0 buckler (worn)
Jewellery
 i - a ring of protection from fire (left hand)
 l - a +6 ring of strength
 p - a ring of flight
Scrolls
 f - a scroll of enchant weapon {unknown}
 g - a scroll of identify {unknown}
 k - a scroll of vulnerability {unknown}
 m - a scroll of teleportation {unknown}
 o - a scroll of fear {unknown}
Potions
 d - 3 potions of might
 e - 5 potions of curing {unknown}
 j - a potion of brilliance {unknown}
 n - a potion of lignification {unknown}


   Skills:
 + Level 3.7 Fighting
 + Level 3.2 Maces & Flails
 + Level 4.0 Armour
 + Level 0.5 Dodging
 + Level 3.7 Shields


You had 3 spell levels left.
You didn't know any spells.
Your spell library contained the following spells:

 Spells                   Type           Power      Damage    Failure   Level
 Blink                    Tloc           0%         N/A       90%         2
 Lesser Beckoning         Tloc           0%         N/A       90%         2
 Momentum Strike          Conj/Tloc      0%         3d8       90%         2
 Wereblood                Tmut           0%         N/A       90%         2
 Summon Guardian Golem    Hex/Summ       0%         N/A       99%         3
 Orb of Destruction       Conj           0%         9d5       100%        7
 Spellforged Servitor     Conj/Summ      0%         N/A       100%        7
 Summon Hydra             Summ           0%         N/A       100%        7
 Sublimation of Blood     Necr           Unusable   N/A       N/A         2

Dungeon Overview and Level Annotations

Branches:
Dungeon (3/15)

Altars:

Portals:
Sewer: D:3


Innate Abilities, Weirdness & Mutations

You are immune to sickness and miasma.
Your stone body is resilient. (AC +3)
You are immune to poison.
You resist negative energy. (rN+)
You are resistant to electric shocks. (rElec)
You are resistant to unholy torment.
You are immune to petrification.


Message History

You are too injured to fight recklessly!
You are too injured to fight recklessly!
You are too injured to fight recklessly!
You are too injured to fight recklessly!
You are too injured to fight recklessly!
You are too injured to fight recklessly!
You are too injured to fight recklessly!
You are too injured to fight recklessly!
You are too injured to fight recklessly!
You are too injured to fight recklessly!
You are too injured to fight recklessly!
You are too injured to fight recklessly!
You are too injured to fight recklessly!
You escape the ball python's grasp.
You are too injured to fight recklessly!
You are too injured to fight recklessly!
Found 10 gold pieces.
You hit the ball python.
You kill the ball python!
You block the river rat's attack.
You completely miss the river rat. The river rat barely misses you.
You barely miss the river rat. The river rat bites you.
* * * LOW HITPOINT WARNING * * *
You sock the river rat!
The river rat is severely wounded.
The river rat bites you.
* * * LOW HITPOINT WARNING * * *
You closely miss the river rat.
The river rat is severely wounded.
The river rat bites you.
* * * LOW HITPOINT WARNING * * *
You closely miss the river rat.
The river rat is severely wounded.
The river rat bites you.
* * * LOW HITPOINT WARNING * * *
The river rat closely misses you.
You barely miss the river rat.
The river rat is severely wounded.
The river rat bites you.
You die...

###.#.### ##........
#...).....
######....~~~..
.####........~~~~~.
...../.......~~∩~~.
.$#.#.#.#....~~~~~.
.......@rw....~~~..
#.#.#.#?#..........
#..................
#.#.#.#.#.........#
..................#
..#.#.#.#.††......#
..................#
#####...###.............
#.....# ###...........


You could see a worm and a river rat.

Vanquished Creatures
  4 adders
  A river rat (D:3)
  A worm (D:3)
  3 dart slugs
  A bat (D:2)
  4 endoplasms
  3 giant cockroaches
  4 goblins
  5 hobgoblins
  3 kobolds
  2 ball pythons
  2 frilled lizards
  A rat (D:1)
34 creatures vanquished.

Notes
Turn   | Place    | Note
-------+----------+-------------------------------------------
     0 | D:1      | AdnanSaban the Gargoyle Fighter began the quest for the
                  | Orb.
     0 | D:1      | Reached XP level 1. HP: 14/14 MP: 1/1
   297 | D:1      | Reached XP level 2. HP: 19/19 MP: 2/2
   968 | D:2      | Reached XP level 3. HP: 23/23 MP: 3/3
  1374 | D:2      | Reached XP level 4. HP: 28/28 MP: 4/4
  1667 | D:3      | Found a glowing drain.
  1696 | D:3      | Reached skill level 4 in Armour
  1736 | D:3      | Slain by a river rat

Illustrated notes

Levels and vault maps discovered:
D:1:      tarquinn_simple_flora_water_b, layout_basic
D:2:      layout_loops_ring, serial_bayou_lagoon_b
D:3:      layout_basic, portal_sewer_entry_a, serial_glass, glass_columns_c,
          glass_columns_a, glass_columns_a, glass_columns_c, glass_columns_a

Skill      XL: |  1  2  3  4 |
---------------+-------------+-----
Maces & Flails | 3 |  3.2
Armour         | 4 |  4.0
Fighting       | |  3.7
Dodging        | |  0.5
Shields        | |  3.7

Action                     |  1- 3 |  4- 6 || total
---------------------------+-------+-------++-------
  Melee: Flail             |    95 |    51 ||   146
 Armour: Scale mail        |    60 |    34 ||    94
  Dodge: Dodged            |    36 |    27 ||    63
  Block: Buckler           |    23 |    15 ||    38

Table legend: (Time is in decaauts)
 A = Elapsed time spent in this place.
 B = Non-inter-level travel time spent in this place.
 C = Inter-level travel time spent in this place.
 D = Time resting spent in this place.
 E = Time spent auto-exploring this place.
 F = Levels seen in this place.
 G = Mean time per level.
                   A        B        C        D        E       F      G
               +--------+--------+--------+--------+--------+-----+--------+
         Total |   1806 |   1759 |     47 |      0 |   1386 |   3 |  602.0 |
       Dungeon |   1806 |   1759 |     47 |      0 |   1386 |   3 |  602.0 |
               +--------+--------+--------+--------+--------+-----+--------+

Top non-repeatable levels by time:
     D:1: 927 daAuts
     D:2: 737 daAuts
     D:3: 140 daAuts
